Map: Romanticide LE

Players

ShoWTimE - Winner!

  • Race: Protoss Protoss
  • League: Grandmaster

TLHarstem (Harstem)

  • Race: Protoss Protoss
  • League: Master

Event: DreamHack SC2 Masters 2021 Summer

VOD

Have the link to the VOD?

Description

Time

  • Played on: June 2, 2021, 12:23 p.m.
  • Length: 12:30

All games in this series

Show
View Real Time Build Order
Export as new Build Order

ShoWTimE Protoss - Winner!

Build Orders: Oracle Opening, Phoenix Opening 

Get SALT Encoding   

  12  0:00  Probe  
  13  0:12  Probe  
  14  0:18  Pylon  
  14  0:24  Probe (Chrono Boost)  
  15  0:36  Probe (Chrono Boost), Gateway  
  16  0:45  Probe (Chrono Boost)  
  16  0:46  Assimilator  
  17  0:51  Probe  
  17  0:54  Assimilator  
  18  1:03  Probe (Chrono Boost)  
  19  1:08  Gateway  
  19  1:15  Probe (Chrono Boost)  
  20  1:22  Probe (Chrono Boost)  
  20  1:24  Cybernetics Core  
  21  1:29  Probe  
  22  1:35  Pylon  
  22  1:41  Probe  
  23  1:53  Probe  
  24  2:01  Sentry, Stalker  
  24  2:05  Probe  
  24  2:07  Warp Gate  
  29  2:14  Pylon  
  29  2:30  Pylon  
  29  2:35  Stargate  
  29  2:36  Phoenix  
  29  2:44  Stalker  
  29  2:49  Nexus  
  31  2:55  Probe  
  32  2:59  Shield Battery  
  32  3:09  Probe  
  35  3:19  Oracle (Chrono Boost)  
  35  3:24  Probe  
  35  3:26  Pylon  
  37  3:36  Probe  
  38  3:46  Phoenix (Chrono Boost)  
  38  3:48  Probe  
  41  3:58  Twilight Council  
  41  4:02  Stalker  
  44  4:04  Probe x2 (Chrono Boost)  
  45  4:13  Stalker  
  45  4:14  Probe (Chrono Boost)  
  45  4:16  Probe (Chrono Boost)  
  45  4:18  Probe (Chrono Boost)  
  46  4:25  Probe (Chrono Boost)  
  46  4:27  Phoenix  
  47  4:32  Probe (Chrono Boost)  
  47  4:33  Forge  
  48  4:44  Blink  
  48  4:45  Probe x2 (Chrono Boost)  
  50  4:52  Probe x2  
  51  4:55  Pylon  
  52  5:03  Protoss Ground Weapons Level 1 (Chrono Boost)  
  52  5:04  Probe  
  53  5:07  Probe  
  53  5:16  Probe  
  53  5:20  Probe  
  55  5:27  Nexus  
  56  5:28  Probe  
  56  5:32  Probe  
  57  5:40  Probe  
  57  5:44  Probe, Gateway  
  57  5:45  Gateway  
  57  5:47  Robotics Facility  
  58  5:51  Sentry  
  58  5:52  Probe, Stalker  
  58  5:56  Probe, Assimilator  
  64  6:04  Probe, Pylon  
  64  6:05  Gateway  
  64  6:06  Gateway  
  64  6:08  Probe  
  66  6:16  Stalker x2  
  70  6:18  Pylon  
  70  6:22  Probe  
  70  6:23  Probe  
  70  6:24  Shield Battery  
  72  6:27  Pylon  
  72  6:34  Probe (Chrono Boost)  
  72  6:36  Observer  
  72  6:37  Probe (Chrono Boost)  
  72  6:39  Probe (Chrono Boost)  
  76  6:45  Sentry  
  76  6:46  Probe (Chrono Boost), Stalker  
  82  6:48  Probe (Chrono Boost)  
  82  6:49  Probe (Chrono Boost)  
  82  6:52  Probe (Chrono Boost), Pylon  
  82  6:53  Probe (Chrono Boost)  
  84  6:54  Probe (Chrono Boost)  
  84  6:55  Pylon  
  84  6:56  Protoss Ground Weapons Level 2 (Chrono Boost)  
  84  7:00  Phoenix  
  88  7:15  Gateway, Pylon  
  86  7:16  Gateway  
  86  7:18  Nexus  
  86  7:19  Charge (Chrono Boost)  
  86  7:27  Observer (Chrono Boost)  
  87  7:35  Zealot x6  
  99  7:40  Gateway  
  99  7:45  Immortal (Chrono Boost)  
  99  7:47  Gateway  
  103  7:52  Probe x3  
  103  7:58  Zealot x4  
  112  8:03  Zealot  
  112  8:04  Zealot  
  118  8:09  Zealot  
  120  8:13  Pylon  
  120  8:14  Warp Prism (Chrono Boost)  
  120  8:18  Templar Archives  
  122  8:24  Zealot x3  
  128  8:31  Zealot x3  
  134  8:37  Zealot x2  
  138  8:42  Zealot x2  
  138  8:44  Pylon  
  125  9:04  Phoenix x2 (Chrono Boost)  
  125  9:08  Zealot x7  
  125  9:09  Zealot x3  
  141  9:11  Zealot x3  
  141  9:15  High Templar x2, Zealot x5  
  139  9:18  Pylon  
  139  9:19  Probe x4  
  139  9:20  Archon  
  139  9:23  Pylon  
  143  9:25  Phoenix (Chrono Boost)  
  146  9:31  Probe, Zealot x3  
  146  9:36  Zealot x5  
  162  9:41  Pylon  
  162  9:45  Phoenix (Chrono Boost)  
  164  9:47  Zealot x2  
  166  9:57  Zealot x7  
  178  10:03  Phoenix  
  152  10:17  Zealot x3  
  152  10:18  Zealot x6  
  168  10:26  Zealot  
  168  10:28  Phoenix  
  154  10:32  Observer (Chrono Boost)  
  143  10:36  Probe x3  
  143  10:41  Probe  
  143  10:42  Photon Cannon x2  
  144  10:48  Probe  
  145  10:52  Probe x2  
  145  10:53  Probe, Phoenix (Chrono Boost)  
  149  11:02  Zealot x7  
  163  11:13  Probe x4  
  163  11:14  Phoenix (Chrono Boost)  
  163  11:15  Pylon  
  167  11:22  Pylon, Stalker x3  
  171  11:26  Phoenix (Chrono Boost)  
  171  11:28  Zealot x3  
  129  11:55  Zealot x10  
  129  11:57  Phoenix  
  135  12:03  Probe  
  135  12:05  Observer (Chrono Boost)  
Show
View Real Time Build Order
Export as new Build Order

TLHarstem Protoss 

Build Orders: Oracle Opening 

Get SALT Encoding   

  12  0:00  Probe  
  13  0:12  Probe  
  14  0:17  Pylon  
  14  0:24  Probe (Chrono Boost)  
  15  0:36  Probe (Chrono Boost)  
  15  0:37  Gateway  
  16  0:44  Probe (Chrono Boost)  
  16  0:46  Assimilator  
  17  0:51  Probe  
  17  0:54  Assimilator  
  18  1:03  Probe (Chrono Boost)  
  19  1:08  Gateway  
  19  1:12  Probe (Chrono Boost)  
  19  1:17  Probe (Chrono Boost)  
  21  1:25  Cybernetics Core  
  21  1:29  Probe  
  22  1:38  Pylon  
  22  1:41  Probe  
  23  1:56  Probe  
  24  2:01  Stargate  
  24  2:02  Stalker  
  28  2:11  Warp Gate  
  28  2:17  Pylon  
  28  2:20  Stalker  
  28  2:24  Probe  
  29  2:45  Oracle (Chrono Boost)  
  32  2:55  Nexus  
  32  3:02  Pylon  
  32  3:05  Probe  
  33  3:14  Oracle (Chrono Boost)  
  33  3:19  Probe  
  37  3:31  Probe  
  37  3:33  Shield Battery  
  38  3:36  Twilight Council  
  38  3:43  Probe  
  39  3:55  Probe  
  40  4:05  Forge, Stalker  
  40  4:07  Probe  
  43  4:19  Probe x2  
  43  4:23  Stalker  
  38  4:32  Probe (Chrono Boost)  
  38  4:34  Probe (Chrono Boost)  
  39  4:40  Protoss Ground Weapons Level 1  
  39  4:43  Probe (Chrono Boost)  
  41  4:47  Probe (Chrono Boost)  
  41  4:48  Probe (Chrono Boost)  
  42  4:56  Probe  
  42  4:59  Probe  
  44  5:00  Blink (Chrono Boost)  
  44  5:08  Probe  
  45  5:14  Probe  
  45  5:16  Nexus  
  45  5:21  Probe  
  47  5:26  Probe, Stalker  
  50  5:32  Stalker  
  50  5:33  Probe (Chrono Boost)  
  51  5:43  Probe (Chrono Boost)  
  51  5:45  Probe (Chrono Boost)  
  51  5:49  Stalker  
  54  5:53  Probe (Chrono Boost)  
  54  5:55  Probe (Chrono Boost)  
  53  5:58  Pylon  
  53  6:00  Gateway  
  53  6:01  Gateway  
  53  6:02  Probe  
  54  6:05  Assimilator  
  54  6:07  Probe  
  55  6:14  Probe  
  56  6:19  Probe  
  56  6:24  Robotics Facility  
  57  6:26  Probe  
  57  6:29  Stalker, Sentry  
  57  6:31  Probe x2 (Chrono Boost)  
  64  6:38  Probe (Chrono Boost)  
  65  6:43  Probe x2 (Chrono Boost)  
  65  6:44  Shield Battery  
  65  6:47  Protoss Ground Weapons Level 2 (Chrono Boost)  
  67  6:49  Probe (Chrono Boost)  
  67  6:50  Probe (Chrono Boost), Pylon  
  67  6:51  Probe (Chrono Boost)  
  67  6:53  Probe (Chrono Boost)  
  70  6:57  Probe  
  70  6:58  Probe  
  70  6:59  Stalker  
  70  7:00  Stalker  
  77  7:04  Probe  
  78  7:09  Probe  
  78  7:10  Probe  
  78  7:11  Assimilator  
  78  7:14  Robotics Bay  
  80  7:17  Probe  
  80  7:20  Gateway  
  80  7:21  Probe  
  82  7:24  Probe, Gateway  
  82  7:26  Pylon  
  82  7:27  Stalker  
  82  7:29  Charge (Chrono Boost)  
  85  7:35  Probe  
  85  7:36  Probe  
  88  7:37  Assimilator  
  88  7:41  Pylon  
  87  7:47  Probe, Gateway  
  87  7:48  Gateway  
  87  7:50  Probe  
  89  7:53  Pylon  
  89  7:54  Photon Cannon  
  89  7:57  Stalker x3  
  95  8:00  Disruptor (Chrono Boost)  
  98  8:10  Nexus  
  98  8:13  Pylon  
  98  8:19  Probe  
  99  8:22  Probe  
  99  8:25  Disruptor (Chrono Boost)  
  100  8:29  Pylon  
  100  8:31  Probe  
  100  8:33  Dark Shrine  
  104  8:42  Stalker x2  
  104  8:46  Shield Battery  
  104  8:48  Shield Battery  
  108  8:50  Photon Cannon, Stalker x2  
  108  8:53  Stalker  
  108  8:54  Disruptor (Chrono Boost)  
  111  9:03  Zealot x3  
  115  9:13  Zealot x4  
  115  9:15  Probe  
  124  9:17  Probe  
  124  9:18  Protoss Ground Weapons Level 3 (Chrono Boost)  
  124  9:23  Probe (Chrono Boost)  
  127  9:26  Probe (Chrono Boost)  
  127  9:27  Disruptor (Chrono Boost)  
  132  9:34  Photon Cannon  
  132  9:36  Probe x2 (Chrono Boost)  
  133  9:40  Robotics Facility  
  133  9:41  Probe (Chrono Boost)  
  133  9:42  Stalker  
  133  9:43  Stalker  
  137  9:46  Zealot x2, Dark Templar  
  137  9:51  Pylon  
  137  9:52  Zealot x2  
  147  9:55  Disruptor  
  148  10:05  Pylon  
  148  10:06  Probe, Pylon  
  148  10:07  Pylon  
  134  10:18  Zealot  
  134  10:19  Zealot x3  
  123  10:24  Zealot x3  
  123  10:25  Zealot x5  
  112  10:29  Probe  
  112  10:31  Disruptor (Chrono Boost)  
  112  10:35  Probe  
  116  10:38  Probe  
  113  10:45  Stalker x3  
  113  10:48  Nexus  
  117  11:00  Disruptor (Chrono Boost)  
  118  11:04  Disruptor (Chrono Boost)  
  118  11:06  Nexus  
  118  11:07  Pylon  
  118  11:09  Probe  
  118  11:10  Dark Templar  
  124  11:16  Probe  
  124  11:20  Probe, Photon Cannon  
  124  11:21  Shield Battery  
  124  11:25  Stalker x5  
  124  11:26  Stalker  
  124  11:29  Disruptor (Chrono Boost)  
  104  11:49  Zealot  
  104  11:53  Zealot, Dark Templar  
  104  11:54  Zealot x5  
  100  11:57  Probe  
Tags
 
Add a new tag
Caveats
  • Supply blocks, unpowered buildings, or Contaminate may cause inaccurate times.
  • Supply counts are checked every 10 seconds.